 Dungeon Crawl Stone Soup version 0.21.1-1-g345015fe64 (webtiles) character file.

1019 RepoMan the Ruffian (level 8, 55/66 HPs)
             Began as a White Draconian Transmuter on July 7, 2018.
             Got out of the dungeon alive.
             The game lasted 00:18:04 (3167 turns).

RepoMan the Ruffian (White Draconian Transmuter)    Turns: 3167, Time: 00:18:05

Health: 55/66      AC:  7    Str: 13    XL:     8   Next: 2%
Magic:  14/14      EV: 12    Int: 15    God:
Gold:   146        SH:  0    Dex: 12    Spells: 9/15 levels left

rFire    . . .     SeeInvis .     - Unarmed
rCold    + . .     Gourm    .   (no shield)
rNeg     . . .     Faith    .   (armour unavailable)
rPois    .         Spirit   .   (helmet restricted)
rElec    .         Reflect  .   s - +0 cloak
rCorr    .         Harm     .   (no gloves)
MR       .....                  (no boots)
Stlth    +.........             (no amulet)
HPRegen  0.21/turn              (no ring)
MPRegen  0.14/turn              (no ring)

@: no status effects
A: breathe frost, unfitting armour, cold resistance 1, cold-blooded, AC +6
a: Breathe Frost


You escaped.
You were not hungry.

You visited 1 branch of the dungeon, and saw 5 of its levels.

You collected 146 gold pieces.

Inventory:

Missiles
 a - 56 arrows
Armour
 s - a +0 cloak (worn)
Wands
 r - a wand of random effects (10)
Scrolls
 d - a scroll of blinking {unknown}
 e - 4 scrolls of teleportation {unknown}
 j - 2 scrolls of identify {unknown}
 k - a scroll of enchant weapon {unknown}
 n - a scroll of remove curse {unknown}
 q - a scroll of enchant armour {unknown}
Potions
 f - a potion of haste {unknown}
 g - a potion of berserk rage {unknown}
 h - a potion of mutation {unknown}
 i - a potion of heal wounds
 l - a potion of flight {unknown}
 o - a potion of cancellation {unknown}
 p - a potion of magic {unknown}
Books
 b - a book of Changes

   Spells                             Type                      Level
   a - Beastly Appendage              Transmutation                1
   b - Sticks to Snakes               Transmutation                2
   c - Spider Form                    Transmutation/Poison         3
   d - Ice Form                       Ice/Transmutation            4
   e - Blade Hands                    Transmutation                5
Comestibles
 c - 8 rations


   Skills:
 + Level 4.0 Fighting
 - Level 1.7 Dodging
 * Level 6.1 Unarmed Combat
 + Level 4.0 Spellcasting
 * Level 5.7 Transmutations


You had 9 spell levels left.
You knew the following spells:

 Your Spells              Type           Power        Failure   Level  Hunger
a - Beastly Appendage     Tmut           ###...       1%          1    None
c - Spider Form           Tmut/Pois      ##........   17%         3    ###....
t - Sticks to Snakes      Tmut           ###.....     2%          2    ##.....


Dungeon Overview and Level Annotations

Branches:
Dungeon (5/15)
 Temple: D:4-7

Altars:


Innate Abilities, Weirdness & Mutations

You can breathe waves of freezing cold.
You can buffet flying creatures when you breathe cold.
Your icy white scales are hard. (AC +6)
You cannot fit into any form of body armour.
Your flesh is cold resistant. (rC+)
You are cold-blooded and may be slowed by cold attacks.


Message History

Where to? (Enter - D:4 @ (x,y), ? - help)
There is a stone staircase leading up here.
You climb upwards.
There is a stone staircase leading down here.
(D) Dungeon
Where to? (Enter - D:4 @ (x,y), ? - help)
What level of the Dungeon? (default 1, ? - help)
You see here a spear.
Magic restored.
Things that are here:
a ring mail; a short sword
There is a stone staircase leading up here.
You climb upwards.
There is a stone staircase leading down here.
There is a stone staircase leading up here.
You climb upwards.
There is a stone staircase leading down here.
There is a staircase leading out of the dungeon here.
Are you sure you want to leave the Dungeon?
This will make you lose the game!
You have escaped!

#.# #.# #.# #.#
#.# #.#
#.################
#.......)........#
#...............@#
#................#
##################


There were no monsters in sight!

Vanquished Creatures
  The ghost of Dickchan the Covert, a novice NaEn of Cheibriados (D:5)
  Sigmund (D:4)
  A slave (D:4)
  An ogre (D:3)
  A scorpion (D:5)
  A crimson imp (D:5)
  Crazy Yiuf (D:4)
  Natasha (thrice) (D:2)
  Robin (D:2)
  8 adders
  3 worms
  5 dart slugs
  3 leopard geckos
  5 orcs (D:3)
  5 giant cockroaches
  19 goblins
  16 hobgoblins
  8 jackals
  A quokka (D:1)
  5 bats
  3 frilled lizards
  7 kobolds
  2 rats (D:2)
101 creatures vanquished.

Vanquished Creatures (collateral kills)
  A worker ant (D:4)
1 creature vanquished.

Grand Total: 102 creatures vanquished

Notes
Turn   | Place    | Note
-------+----------+-------------------------------------------
     0 | D:1      | RepoMan the Draconian Transmuter began the quest for the Orb.
     0 | D:1      | Reached XP level 1. HP: 16/16 MP: 3/3
   175 | D:1      | Reached XP level 2. HP: 22/23 MP: 5/5
   189 | D:1      | Learned a level 2 spell: Sticks to Snakes
   632 | D:2      | Noticed Natasha
   644 | D:1      | Reached XP level 3. HP: 24/28 MP: 4/6
   652 | D:1      | Learned a level 3 spell: Spider Form
   718 | D:2      | Noticed Robin
   725 | D:2      | Killed Robin
   935 | D:2      | Killed Natasha
   935 | D:2      | Reached XP level 4. HP: 30/36 MP: 3/7
  1277 | D:2      | Noticed Natasha
  1285 | D:2      | Killed Natasha
  1285 | D:2      | Reached skill level 4 in Unarmed Combat
  1297 | D:2      | Reached XP level 5. HP: 36/41 MP: 1/8
  1373 | D:2      | Noticed Natasha
  1380 | D:2      | Killed Natasha
  2492 | D:3      | Noticed an ogre
  2504 | D:3      | Killed an ogre
  2504 | D:3      | Reached XP level 6. HP: 50/50 MP: 6/10
  2705 | D:4      | Noticed a slave
  2729 | D:4      | Killed a slave
  2859 | D:4      | Found a runed door.
  2863 | D:4      | Noticed Crazy Yiuf
  2871 | D:4      | Killed Crazy Yiuf
  2942 | D:4      | Noticed Sigmund
  2948 | D:5      | Entered Level 5 of the Dungeon
  2971 | D:5      | Noticed Dickchan's ghost (novice NaEn)
  2978 | D:5      | Reached skill level 5 in Unarmed Combat
  3012 | D:5      | Killed Dickchan's ghost
  3012 | D:5      | Reached skill level 5 in Transmutations
  3012 | D:5      | Your scales start taking on an icy white colour.
  3012 | D:5      | Reached XP level 7. HP: 38/58 MP: 4/12
  3012 | D:5      | Gained mutation: Your flesh is cold resistant. (rC+) [White Draconian growth]
  3055 | D:4      | Killed Sigmund
  3055 | D:4      | Reached skill level 6 in Unarmed Combat
  3055 | D:4      | Reached XP level 8. HP: 35/66 MP: 6/14
  3167 | D:$      | Got out of the dungeon alive.

Skill      XL: |  1  2  3  4  5  6  7 |
---------------+----------------------+-----
Transmutations | 3 4 5 |  5.7
Fighting       | 2 3 4 |  4.0
Unarmed Combat | 4 5 6 |  6.1
Spellcasting   | 3 4 |  4.0
Dodging        | |  1.7

Action                   |  1- 3 |  4- 6 |  7- 9 || total
-------------------------+-------+-------+-------++-------
Melee: Unarmed           |    92 |   238 |    18 ||   348
       Kick              |     5 |    19 |       ||    24
       Tailslap          |     4 |    23 |     1 ||    28
       Headbutt          |     2 |     4 |       ||     6
       Punch             |       |     1 |       ||     1
Throw: Stone             |       |     5 |       ||     5
 Cast: Beastly Appendage |    12 |    22 |       ||    34
       Spider Form       |     3 |     7 |     1 ||    11
       Sticks to Snakes  |       |     6 |       ||     6
 Abil: Breathe Frost     |       |       |     2 ||     2
Evoke: Wand              |       |     2 |       ||     2
  Use: Potion            |       |     1 |       ||     1
 Stab: Sleeping          |       |     2 |       ||     2
  Eat: Chunk             |     1 |     8 |     2 ||    11
Armor: Skin              |    12 |    56 |     2 ||    70
Dodge: Dodged            |    58 |   131 |    18 ||   207
